 Dungeon Sprint DCSS version 0.31-a0-795-g5eb97db20b (webtiles) character file.

Game seed: 7363953970182440407

1270 sircluck the Grappler (level 8, -3/138 HPs)
             Began as a Troll Berserker on Sept 18, 2023.
             Was a High Priest of Trog.
             Slain by Erica
             ... wielding a +0 scimitar of flaming
              (11 damage)
             ... in the Dungeon (Sprint III: "The Ten Rune Challenge").
             The game lasted 00:01:09 (383 turns).

sircluck the Grappler (Troll Berserker)              Turns: 383, Time: 00:01:10

Health: -3/138     AC:  5    Str: 28    XL:     8   Next: 28%
Magic:  7/7        EV: 12    Int:  3    God:    Trog [*****.]
Gold:   31         SH:  0    Dex:  9    Spells: 7/7 levels left

rFire   . .          .
                       - Unarmed
rCold   . . .        (no shield)
rNeg    . . .        a - +0 animal skin
rPois   .            (helmet restricted)
rElec   .            i - +0 cloak
rCorr   .            (gloves unavailable)
SInv    .            (boots unavailable)
Will    .....        (no amulet) Stlth
                     h - ring of flight
HPRegen 1.23/turn    (no ring)
MPRegen 0.10/turn

%: no teleportation
@: berserking, flying, very quick
A: large, unfitting armour, claws 3, regeneration 1, shaggy fur 1, tough skin 1
a: Renounce Religion, Berserk, Trog's Hand, Brothers in Arms


You were in the Dungeon.
You worshipped Trog.
Trog was extremely pleased with you.
You visited 1 branch You collected 31 gold pieces.

Inventory:

Armour
 a - a +0 animal skin (worn)
 i - a +0 cloak (worn)
Jewellery
 h - a ring of flight (left claw)
Wands
 p - a wand of mindburst (4)
Scrolls
 g - a scroll of blinking
 k - a scroll of poison {unknown}
 l - 3 scrolls of identify
 n - a scroll of immolation {unknown}
Potions
 b - 2 potions of curing
 c - a potion of heal wounds
 d - a potion of haste
 e - 2 potions of magic
 f - 2 potions of berserk rage
 j - 5 potions of mutation
 m - a potion of enlightenment {unknown}
 o - a potion of brilliance {unknown}
Miscellaneous
 q - a box of beasts


   Skills:
 + Level 9.4 Fighting
 + Level 9.3 Dodging
 + Level 11.1 Unarmed Combat


You had 7 spell levels left.
You didn't know any spells.
Your spell library was empty.

Dungeon Overview and Level Annotations

Branches:
Dungeon (1/1)

Altars:
Cheibriados
Dithmenos
Elyvilon
Fedhas
Gozag
Hepliaklqana
Kikubaaqudgha
Makhleb
Nemelex Xobeh
Okawaru
Qazlal
Ru
Sif Muna
Trog
Uskayaw
Vehumet
Wu Jian
Xom
Yredelemnul
Zin
The Shining One
Jiyva
Lugonu

Annotations:
D Erica


Innate Abilities, Weirdness & Mutations

You are too large for most types of armour.
You have claws for hands.
Your natural rate of healing is unusually fast.
You are covered in fur. (AC +1)
You have tough skin. (AC +1)


Message History

Erica shouts!
Erica gestures at you while chanting. The lance of force hits you!!
You are knocked back by the lance of force.
You slam into the rock wall!
You claw Erica! x2
Erica is moderately wounded.
You scratch Erica. Your claw misses Erica.
Erica is heavily wounded.
Erica hits you but does no damage.
You barely miss Erica.
Erica is heavily wounded.
Erica casts a spell.
Erica flickers and vanishes!
Deactivating autopickup; reactivate with Ctrl-A.
You closely miss something.
You hear some strange, mumbled words.
A lance of force appears from out of thin air!
The lance of force hits you!
You are knocked back by the lance of force.
You slam into the rock wall!
Something hits you. Something burns you.
You closely miss something. Something barely misses you.
You scratch something. You barely miss something. Your claw misses something.
Something hits you!
* * * LOW HITPOINT WARNING * * *
Something burns you.
* * * LOW HITPOINT WARNING * * *
A red film seems to cover your vision as you go berserk!
You feel yourself moving faster!
You feel mighty! Something hits you!
* * * LOW HITPOINT WARNING * * *
Something burns you!
* * * LOW HITPOINT WARNING * * *
You closely miss something. Something hits you!
* * * LOW HITPOINT WARNING * * *
Something burns you.
* * * LOW HITPOINT WARNING * * *
You claw something! You miss something. Something hits you!
You die...

♣.#___#___#__#
..#)..#__)#._#
..###'#†###)##
..#..........#
..'.⌠........#
♣.#...######'#
..#.⌠.#__#...#+#####
..#...#__#...#..§~§+
..#'###__#...#.#@§§#
..#)).#__#...'.#{§§#
..#___#__'...#.#§§§#
▓▓▓▓▓▓▓▓▓▓▓▓▓▓▓▓▓▓▓▓


There were no monsters in sight!

Vanquished Creatures
  A deep elf pyromancer (D)
  A shadow (D)
  A spatial vortex (D)
  A necrophage (D)
  A water elemental (D)
  A jelly (D)
  Crazy Yiuf (D)
  A wizard (D)
  Jessica (D)
  A necromancer (D)
  A kobold demonologist (D)
  3 humans (D)
  3 rats (D)
17 creatures vanquished.

Notes
Turn   | Place    | Note
-------+----------+-------------------------------------------
     0 | D        | sircluck the Troll Berserker began the quest for the Orb.
     0 | D        | Reached XP level 1. HP: 22/22 MP: 0/0
     9 | D        | Noticed Jessica
    16 | D        | Killed Jessica
    16 | D        | Reached ** piety under Trog
    17 | D        | Reached skill level 4 in Unarmed Combat
    17 | D        | Reached XP level 2. HP: 29/32 MP: 1/1
    57 | D        | Reached XP level 3. HP: 39/39 MP: 2/2
    65 | D        | Noticed Crazy Yiuf
    71 | D        | Killed Crazy Yiuf
    71 | D        | Reached *** piety under Trog
    72 | D        | Reached skill level 5 in Unarmed Combat
    72 | D        | Reached XP level 4. HP: 32/49 MP: 3/3
   108 | D        | Noticed a water elemental
   113 | D        | Killed a water elemental
   114 | D        | Reached skill level 5 in Fighting
   114 | D        | Reached skill level 5 in Dodging
   114 | D        | Reached skill level 6 in Unarmed Combat
   164 | D        | Noticed a shadow
   174 | D        | Reached XP level 5. HP: 34/59 MP: 4/4
   177 | D        | Killed a shadow
   178 | D        | Reached skill level 8 in Unarmed Combat
   178 | D        | Reached XP level 6. HP: 35/68 MP: 5/5
   211 | D        | Found a basalt altar of Yredelemnul.
   211 | D        | Found a shadowy altar of Dithmenos.
   211 | D        | Found a sacrificial altar of Ru.
   212 | D        | Reached **** piety under Trog
   232 | D        | Found a radiant altar of Vehumet.
   232 | D        | Found a shimmering blue altar of Sif Muna.
   232 | D        | Found an ancient bone altar of Kikubaaqudgha.
   236 | D        | Reached ***** piety under Trog
   253 | D        | Found a hide-covered altar of Uskayaw.
   253 | D        | Found an iron altar of Okawaru.
   253 | D        | Found a bloodstained altar of Trog.
   253 | D        | Found an ornate altar of the Wu Jian Council.
   253 | D        | Noticed a human
   257 | D        | Killed a human
   258 | D        | Reached skill level 9 in Unarmed Combat
   258 | D        | Reached XP level 7. HP: 80/80 MP: 6/6
   258 | D        | Noticed a human
   268 | D        | Killed a human
   302 | D        | Found a glowing silver altar of Zin.
   302 | D        | Found a glowing golden altar of the Shining One.
   302 | D        | Found a white marble altar of Elyvilon.
   303 | D        | Noticed a deep elf pyromancer
   309 | D        | Noticed a fire elemental
   311 | D        | Killed a deep elf pyromancer
   312 | D        | Reached skill level 10 in Unarmed Combat
   312 | D        | Reached XP level 8. HP: 88/92 MP: 7/7
   334 | D        | Found a blossoming altar of Fedhas.
   334 | D        | Found a stormy altar of Qazlal.
   334 | D        | Found a snail-covered altar of Cheibriados.
   334 | D        | Found a burning altar of Makhleb.
   334 | D        | Found a shimmering altar of Xom.
   335 | D        | Found a hazy altar of Hepliaklqana.
   335 | D        | Found an opulent altar of Gozag.
   335 | D        | Found a sparkling altar of Nemelex Xobeh.
   335 | D        | Found a corrupted altar of Lugonu.
   335 | D        | Found a viscous altar of Jiyva.
   346 | D        | Reached skill level 11 in Unarmed Combat
   369 | D        | Noticed Erica
   383 | D        | Slain by Erica

Illustrated notes

Levels and vault maps discovered:
D:        dungeon_sprint_mu [sprint_mu_entry_forest, sprint_mu_temple_rooms,
          sprint_mu_d1_horrors, sprint_mu_d2_genie, sprint_mu_d3_branching,
          sprint_mu_orc_legion, sprint_mu_elf_gauntlet, sprint_mu_hive_nellie,
          sprint_mu_lair_fedhas, sprint_mu_vaults_butterflies,
          sprint_mu_slime_circle, sprint_mu_swamp_cave, sprint_mu_shoals_archi,
          sprint_mu_blade_basic, sprint_mu_crypt_fortress,
          sprint_mu_tomb_spiral, sprint_mu_vestibule_basic,
          sprint_mu_gehenna_hellfire, sprint_mu_dis_giant,
          sprint_mu_tartarus_statrot, sprint_mu_cocytus_islands, sprint_mu_zot1]

Skill      XL: |  1  2  3  4  5  6  7  8 |
---------------+-------------------------+-----
Fighting       | 3 4 5 6 8 9 |  9.4
Dodging        | 3 4 5 6 7 9 |  9.3
Unarmed Combat | 4 5 6 8 9 10 11 | 11.1

Action                     |  1- 3 |  4- 6 |  7- 9 || total
---------------------------+-------+-------+-------++-------
  Melee: Unarmed           |    24 |    22 |    33 ||    79
         Punch             |       |     2 |     1 ||     3
 Invoke: Berserk           |       |     2 |     1 ||     3
 Armour: Animal skin       |    15 |     8 |    19 ||    42
  Dodge: Dodged            |    13 |     8 |    11 ||    32

Table legend: (Time is in decaauts)
 A = Elapsed time spent in this place.
 B = Non-inter-level travel time spent in this place.
 C = Inter-level travel time spent in this place.
 D = Time resting spent in this place.
 E = Time spent auto-exploring this place.
 F = Levels seen in this place.
 G = Mean time per level.
                   A        B        C        D        E       F      G
               +--------+--------+--------+--------+--------+-----+--------+
         Total |    388 |    388 |      0 |    107 |     65 |   1 |  388.0 |
       Dungeon |    388 |    388 |      0 |    107 |     65 |   1 |  388.0 |
               +--------+--------+--------+--------+--------+-----+--------+

Top non-repeatable levels by time:
       D: 388 daAuts
